[ AOE2 MATCH · #506794364 ]
UnrankedWu vs Berbers
Player's team · WIN
Rival team · LOSS
[ REPLAY ANALYSIS · EXTRACTED FROM THE RECORDED GAME ]
Feudal
9:58
Castle
23:17
Imperial
—
| APM avg | 66.7 |
| APM peak | 98 |
| eAPM avg | 23.4 |
| Villagers / military | 61 / 29 |
Focus
⚔️ 35.2% · 🌾 64.8%
Skirmisher ×24 · Unknown (1974) ×20 · Militia ×5 · Unknown (1105) ×1
Feudal
9:16
Castle
22:35
Imperial
—
| APM avg | 55.8 |
| APM peak | 100 |
| eAPM avg | 22.4 |
| Villagers / military | 75 / 33 |
Focus
⚔️ 24.7% · 🌾 75.3%
Skirmisher ×23 · Archer ×8 · Mangonel ×1 · Scorpion ×1
Match map
Initial resources + every placement click. Lines = walls · curves = elevation contours. ◆ gold · ⬟ stone · ● berries · ✦ relic · ◌ wall gap
Your base· ✓ Closed at 23:17 · 25t walls · 1 gate(s)
Jayklops's base· ✓ Closed at 22:35 · 27t walls · no gate
Smoothed initial terrain · ◌ = detected wall gap · hover for details
Inputs per minute
— Bubbagump - - Jayklops
Build order — Bubbagump
First 150 of 217 actions detected
| 0:00 | Create | Villager (Male) |
| 0:00 | Create | Villager (Male) |
| 0:01 | Create | Villager (Male) |
| 0:02 | Build | House |
| 0:02 | Build | House |
| 0:05 | Create | Villager (Male) |
| 1:35 | Create | Villager (Male) |
| 1:56 | Build | Lumber Camp |
| 1:58 | Create | Villager (Male) |
| 1:58 | Create | Villager (Male) |
| 2:30 | Create | Villager (Male) |
| 2:51 | Create | Villager (Male) |
| 3:13 | Create | Villager (Male) |
| 3:13 | Create | Villager (Male) |
| 3:40 | Create | Villager (Male) |
| 3:54 | Build | House |
| 4:02 | Build | House |
| 4:06 | Create | Villager (Male) |
| 4:21 | Build | Barracks |
| 4:31 | Create | Villager (Male) |
| 4:58 | Create | Villager (Male) |
| 4:59 | Create | Villager (Male) |
| 5:02 | Build | House |
| 5:03 | Build | Palisade Wall |
| 5:12 | Create | Militia |
| 5:26 | Create | Villager (Male) |
| 5:37 | Create | Militia |
| 6:10 | Create | Villager (Male) |
| 6:13 | Build | Mill |
| 6:31 | Create | Villager (Male) |
| 6:35 | Research | Loom |
| 6:49 | Build | House |
| 7:21 | Build | Mill |
| 7:48 | Research | Feudal Age |
| 7:49 | Research | Feudal Age |
| 7:49 | Research | Feudal Age |
| 8:22 | Build | Mining Camp |
| 8:52 | Create | Villager (Male) |
| 9:30 | Create | Militia |
| 9:58 | Age | Feudal Age |
| 10:08 | Create | Militia |
| 10:24 | Create | Villager (Male) |
| 10:25 | Build | Archery Range |
| 10:30 | Build | Archery Range |
| 10:34 | Build | Farm |
| 10:40 | Research | Man-at-Arms (upgrade) |
| 10:41 | Create | Villager (Male) |
| 10:45 | Build | Farm |
| 10:58 | Create | Villager (Male) |
| 11:01 | Build | House |
| 11:12 | Build | Palisade Wall |
| 11:13 | Build | Palisade Wall |
| 11:13 | Build | Palisade Wall |
| 11:14 | Build | Palisade Wall |
| 11:18 | Create | Skirmisher |
| 11:21 | Create | Villager (Male) |
| 11:33 | Build | Palisade Wall |
| 11:40 | Build | Farm |
| 11:40 | Create | Villager (Male) |
| 11:49 | Research | Double-Bit Axe |
| 11:54 | Create | Skirmisher |
| 11:54 | Create | Skirmisher |
| 12:08 | Build | Palisade Wall |
| 12:19 | Create | Militia |
| 12:20 | Create | Skirmisher |
| 12:21 | Create | Villager (Male) |
| 12:24 | Build | Farm |
| 12:39 | Create | Skirmisher |
| 12:40 | Build | House |
| 12:41 | Create | Villager (Male) |
| 12:47 | Build | Farm |
| 12:51 | Build | Palisade Wall |
| 12:51 | Build | Palisade Wall |
| 12:59 | Build | House |
| 13:00 | Create | Villager (Male) |
| 13:04 | Build | Farm |
| 13:16 | Build | Farm |
| 13:21 | Build | House |
| 13:31 | Build | Palisade Wall |
| 13:35 | Create | Skirmisher |
| 13:37 | Create | Villager (Male) |
| 13:41 | Build | Palisade Wall |
| 13:41 | Build | Palisade Wall |
| 13:42 | Build | Palisade Wall |
| 13:52 | Research | Horse Collar |
| 13:56 | Create | Skirmisher |
| 14:05 | Create | Villager (Male) |
| 14:17 | Build | Farm |
| 14:21 | Create | Skirmisher |
| 14:22 | Create | Villager (Male) |
| 14:27 | Build | Farm |
| 14:38 | Build | House |
| 14:46 | Create | Skirmisher |
| 14:52 | Create | Villager (Male) |
| 14:54 | Build | Farm |
| 15:18 | Create | Villager (Male) |
| 15:25 | Build | Blacksmith |
| 15:30 | Build | House |
| 15:31 | Create | Skirmisher |
| 15:44 | Create | Villager (Male) |
| 15:56 | Create | Skirmisher |
| 16:01 | Build | Lumber Camp |
| 16:10 | Create | Villager (Male) |
| 16:11 | Research | Fletching |
| 16:14 | Build | House |
| 16:20 | Build | Farm |
| 16:25 | Create | Skirmisher |
| 16:30 | Create | Villager (Male) |
| 16:44 | Build | Farm |
| 16:48 | Create | Villager (Male) |
| 16:55 | Create | Skirmisher |
| 17:03 | Build | Farm |
| 17:06 | Create | Skirmisher |
| 17:21 | Create | Villager (Male) |
| 17:27 | Build | Farm |
| 17:27 | Build | Farm |
| 17:47 | Create | Villager (Male) |
| 17:50 | Build | Farm |
| 17:52 | Build | Farm |
| 17:53 | Build | Farm |
| 18:05 | Create | Skirmisher |
| 18:21 | Create | Villager (Male) |
| 18:23 | Build | Farm |
| 18:24 | Create | Skirmisher |
| 18:27 | Build | Farm |
| 18:33 | Build | Farm |
| 18:54 | Create | Villager (Male) |
| 19:06 | Build | Farm |
| 19:07 | Build | Farm |
| 19:17 | Build | Farm |
| 19:20 | Create | Villager (Male) |
| 19:32 | Create | Skirmisher |
| 19:34 | Create | Villager (Male) |
| 19:37 | Build | Farm |
| 20:10 | Create | Villager (Male) |
| 20:37 | Research | Castle Age |
| 20:43 | Build | Barracks |
| 20:44 | Create | Skirmisher |
| 20:46 | Build | Farm |
| 20:56 | Research | Gold Mining |
| 20:57 | Research | Scale Mail Armor |
| 21:02 | Build | House |
| 21:03 | Build | House |
| 21:11 | Build | Palisade Gate |
| 21:19 | Create | Skirmisher |
| 21:38 | Create | Skirmisher |
| 21:40 | Build | Lumber Camp |
| 21:45 | Create | Villager (Male) |
| 21:46 | Build | Farm |
| 22:05 | Create | Skirmisher |
Build order — Jayklops
First 150 of 193 actions detected
| 0:00 | Create | Villager (Male) |
| 0:02 | Build | House |
| 0:03 | Build | House |
| 0:05 | Create | Villager (Male) |
| 0:09 | Create | Villager (Male) |
| 0:09 | Create | Villager (Male) |
| 1:22 | Create | Villager (Male) |
| 1:46 | Build | Lumber Camp |
| 1:51 | Build | Lumber Camp |
| 1:58 | Create | Villager (Male) |
| 2:16 | Create | Villager (Male) |
| 2:54 | Create | Villager (Male) |
| 3:13 | Create | Villager (Male) |
| 3:34 | Create | Villager (Male) |
| 3:40 | Build | Palisade Wall |
| 3:41 | Build | Palisade Wall |
| 3:59 | Build | House |
| 4:05 | Create | Villager (Male) |
| 4:33 | Create | Villager (Male) |
| 4:57 | Create | Villager (Male) |
| 5:09 | Build | Mill |
| 5:17 | Create | Villager (Male) |
| 5:28 | Create | Villager (Male) |
| 5:29 | Research | Loom |
| 5:34 | Create | Villager (Male) |
| 5:35 | Research | Loom |
| 7:03 | Research | Feudal Age |
| 8:06 | Build | House |
| 8:19 | Build | Barracks |
| 9:16 | Age | Feudal Age |
| 9:19 | Create | Villager (Male) |
| 9:21 | Build | Archery Range |
| 9:37 | Research | Double-Bit Axe |
| 9:37 | Create | Villager (Male) |
| 10:17 | Create | Archer |
| 10:20 | Build | Mill |
| 10:25 | Create | Villager (Male) |
| 10:29 | Create | Villager (Male) |
| 10:31 | Build | House |
| 10:38 | Build | Blacksmith |
| 10:39 | Build | Palisade Wall |
| 10:42 | Create | Villager (Male) |
| 10:44 | Create | Skirmisher |
| 11:06 | Research | Horse Collar |
| 11:08 | Create | Villager (Male) |
| 11:16 | Build | House |
| 11:18 | Build | Palisade Wall |
| 11:27 | Build | House |
| 11:29 | Build | Palisade Wall |
| 11:33 | Build | Palisade Wall |
| 11:51 | Build | Mining Camp |
| 11:53 | Create | Villager (Male) |
| 12:01 | Research | Fletching |
| 12:14 | Create | Villager (Male) |
| 12:16 | Create | Skirmisher |
| 12:23 | Build | Palisade Wall |
| 12:24 | Create | Villager (Male) |
| 12:26 | Build | House |
| 12:27 | Build | Palisade Wall |
| 12:34 | Create | Skirmisher |
| 12:42 | Build | Farm |
| 12:45 | Build | Farm |
| 12:48 | Build | Farm |
| 13:06 | Create | Villager (Male) |
| 13:08 | Create | Archer |
| 13:34 | Create | Skirmisher |
| 13:35 | Create | Villager (Male) |
| 13:39 | Build | Farm |
| 13:40 | Build | Farm |
| 13:44 | Build | Farm |
| 13:57 | Build | House |
| 13:59 | Build | House |
| 14:06 | Create | Villager (Male) |
| 14:15 | Create | Skirmisher |
| 14:15 | Create | Archer |
| 14:16 | Create | Villager (Male) |
| 14:30 | Research | Padded Archer Armor |
| 14:42 | Build | Farm |
| 14:45 | Build | Farm |
| 14:46 | Create | Villager (Male) |
| 14:59 | Create | Skirmisher |
| 14:59 | Create | Villager (Male) |
| 15:02 | Build | Archery Range |
| 15:08 | Build | Palisade Wall |
| 15:17 | Create | Villager (Male) |
| 15:30 | Build | Farm |
| 15:32 | Build | Farm |
| 15:35 | Create | Villager (Male) |
| 15:37 | Create | Archer |
| 15:41 | Build | Palisade Wall |
| 15:50 | Create | Villager (Male) |
| 15:57 | Create | Skirmisher |
| 15:57 | Create | Skirmisher |
| 16:03 | Build | Farm |
| 16:08 | Build | Farm |
| 16:12 | Create | Villager (Male) |
| 16:35 | Build | House |
| 16:36 | Build | House |
| 16:39 | Create | Skirmisher |
| 16:40 | Create | Skirmisher |
| 16:47 | Build | House |
| 16:48 | Create | Villager (Male) |
| 16:59 | Create | Villager (Male) |
| 17:06 | Build | Farm |
| 17:08 | Create | Skirmisher |
| 17:08 | Create | Skirmisher |
| 17:13 | Create | Villager (Male) |
| 17:28 | Build | Lumber Camp |
| 17:29 | Create | Villager (Male) |
| 17:45 | Create | Archer |
| 18:05 | Create | Villager (Male) |
| 18:17 | Create | Skirmisher |
| 18:17 | Create | Skirmisher |
| 18:19 | Create | Archer |
| 18:31 | Create | Villager (Male) |
| 19:08 | Create | Archer |
| 19:08 | Create | Archer |
| 19:11 | Build | House |
| 19:30 | Create | Villager (Male) |
| 19:37 | Build | Mining Camp |
| 19:53 | Research | Castle Age |
| 20:40 | Create | Skirmisher |
| 20:41 | Create | Skirmisher |
| 20:42 | Create | Villager (Male) |
| 20:55 | Build | Farm |
| 20:56 | Build | Farm |
| 21:01 | Build | Farm |
| 21:02 | Build | Farm |
| 21:04 | Build | Farm |
| 21:10 | Build | Farm |
| 21:14 | Create | Skirmisher |
| 21:15 | Create | Skirmisher |
| 21:22 | Research | Wheelbarrow |
| 21:36 | Build | Lumber Camp |
| 22:29 | Create | Villager (Male) |
| 22:35 | Age | Castle Age |
| 22:36 | Build | Town Center |
| 22:41 | Build | Town Center |
| 22:47 | Research | Bodkin Arrow |
| 22:47 | Research | Bodkin Arrow |
| 22:50 | Research | Bow Saw |
| 22:56 | Research | Heavy Plow |
| 23:14 | Create | Skirmisher |
| 23:14 | Create | Skirmisher |
| 23:29 | Create | Villager (Male) |
| 23:30 | Build | Siege Workshop |
| 23:40 | Create | Skirmisher |
| 23:43 | Create | Villager (Male) |
| 23:57 | Create | Villager (Male) |
| 24:09 | Create | Scorpion |
Match timeline
| 3:40 | Jayklops · wall_segment Palisade Wall x1 |
| 3:41 | Jayklops · wall_segment Palisade Wall x1 |
| 4:21 | Bubbagump · first_building Barracks |
| 5:03 | Bubbagump · wall_segment Palisade Wall x1 |
| 8:19 | Jayklops · first_building Barracks |
| 9:16 | Jayklops · age_up feudal |
| 9:21 | Jayklops · first_building Archery Range |
| 9:58 | Bubbagump · age_up feudal |
| 10:25 | Bubbagump · first_building Archery Range |
| 10:39 | Jayklops · wall_segment Palisade Wall x1 |
| 11:12 | Bubbagump · wall_segment Palisade Wall x1 |
| 11:13 | Bubbagump · wall_segment Palisade Wall x1 |
| 11:13 | Bubbagump · wall_segment Palisade Wall x1 |
| 11:14 | Bubbagump · wall_segment Palisade Wall x1 |
| 11:18 | Jayklops · wall_segment Palisade Wall x3 |
| 11:29 | Jayklops · wall_segment Palisade Wall x4 |
| 11:33 | Bubbagump · wall_segment Palisade Wall x5 |
| 11:33 | Jayklops · wall_segment Palisade Wall x1 |
| 12:08 | Bubbagump · wall_segment Palisade Wall x3 |
| 12:23 | Jayklops · wall_segment Palisade Wall x9 |
| 12:27 | Jayklops · wall_segment Palisade Wall x7 |
| 12:51 | Bubbagump · wall_segment Palisade Wall x1 |
| 12:51 | Bubbagump · wall_segment Palisade Wall x1 |
| 13:31 | Bubbagump · wall_segment Palisade Wall x7 |
| 13:41 | Bubbagump · wall_segment Palisade Wall x1 |
| 13:41 | Bubbagump · wall_segment Palisade Wall x1 |
| 13:42 | Bubbagump · wall_segment Palisade Wall x1 |
| 15:08 | Jayklops · wall_segment Palisade Wall x1 |
| 15:41 | Jayklops · wall_segment Palisade Wall x1 |
| 22:35 | Jayklops · age_up castle |
| 23:17 | Bubbagump · age_up castle |
| 23:30 | Jayklops · first_building Siege Workshop |
| 25:15 | Bubbagump · first_building Siege Workshop |
| 26:53 | Jayklops · first_building Castle |
| 27:26 | Jayklops · wall_segment Stone Wall x1 |
| 27:28 | Jayklops · wall_segment Stone Wall x1 |
| 28:14 | Jayklops · resign |
[ AI ANALYSIS · 1 CREDIT ]
What really happened in this match?
Wolo.gg analyzes every decision: build order, eco, micro, common mistakes by bracket. Personalized analysis on WhatsApp or Discord in 30 seconds.
Civ guide
Wu
Perfil
Bubbagump